 Dungeon Crawl Stone Soup version 0.18-a0-1171-ga8e22e7 (webtiles) character file.

6974 4thArraOfDagon the Cleaver (level 11, -5/86 HPs)
             Began as a Formicid Fighter on Jan 26, 2016.
             Was a Priest of Makhleb.
             Slain by an alligator simulacrum (7 damage)
             ... in an ice cave.
             The game lasted 00:23:11 (3272 turns).

4thArraOfDagon the Cleaver (Formicid Fighter)       Turns: 3272, Time: 00:23:11

Health: -5/86      AC: 16    Str: 25    XL:     11   Next: 28%
Magic:  14/14      EV:  7    Int:  7    God:    Makhleb [***...]
Gold:   759        SH: 12    Dex: 10    Spells: 0 memorised, 10 levels left

rFire  x . .     SeeInvis +     a - +0 war axe
rCold  + . .     Gourm    .     u - +0 plate armour
rNeg   . . .     Faith    .     c - +0 shield
rPois  .         Spirit   .     (helmet unavailable)
rElec  .         Dismiss  .     (no cloak)
rCorr  .         Reflect  .     (no gloves)
SustAt .         Harm     .     b - +1 pair of boots
MR     +....                    j - amulet of regeneration
Stlth  ..........               (no ring)
                                i - ring of ice

@: somewhat resistant to hostile enchantments, extremely unstealthy
A: permanent stasis, dig shafts and tunnels, four strong arms, antennae 3
a: Dig, Shaft Self, Minor Destruction, Lesser Servant of Makhleb, Renounce
Religion


You were in an ice cave.
You worshipped Makhleb.
Makhleb was most pleased with you.
You were hungry.

You visited 3 branches of the dungeon, and saw 13 of its levels.
You also visited: Ice Cave.

You collected 759 gold pieces.

Inventory:

Hand Weapons
 a - a +0 war axe (weapon)
 r - a +0 battleaxe
Armour
 b - a +1 pair of boots (worn)
 c - a +0 shield (worn)
 t - the +1 robe "Yseneoze" {MR+, unknown}
   (You found it on level 9 of the Dungeon)

   It affects your resistance to hostile enchantments.
 u - a +0 plate armour (worn)
Jewellery
 i - a ring of ice (left hand)
 j - an amulet of regeneration (around neck)
Wands
 k - a wand of confusion (0/48)
 o - a wand of disintegration (4/24)
 s - a wand of fireball (3/15)
Scrolls
 h - 5 scrolls of remove curse
 l - 2 scrolls of identify
 n - a scroll of noise
 q - a scroll of fear
Potions
 d - a potion of might
 e - 4 potions of curing
Comestibles
 f - 3 bread rations
 m - a meat ration
 p - 4 chunks of flesh


   Skills:
 + Level 8.2 Fighting
 * Level 10.2 Axes
 + Level 8.4 Armour
 + Level 9.3 Shields
 + Level 4.3 Invocations
 - Level 4.0 Evocations


You had 10 spell levels left.
You didn't know any spells.

Dungeon Overview and Level Annotations

Branches:
Dungeon (10/15)            Temple (1/1) D:6             Orc (2/2) D:9
    Elf (0/3) Orc:2
   Lair: D:8-11

Altars:
Ashenzari
Cheibriados
Dithmenos
Elyvilon
Gozag
Makhleb
Nemelex Xobeh
Okawaru
Pakellas
Trog
Vehumet
Zin
The Shining One
Beogh

Shops:
D:5 [[[

Annotations:
D:8 Maurice IceCv Uberwunderbarhen's ghost, journeyman OpTm


Innate Abilities, Weirdness & Mutations

You are under a permanent stasis effect.
You can dig through walls and to a lower floor.
Your four strong arms can wield two-handed weapons with a shield.
You have a pair of large antennae on your head (SInv).


Message History

Unknown command.
Unknown command.
Unknown command.
You hit the polar bear simulacrum but do no damage.
You completely miss Uberwunderbarhen's ghost.
Uberwunderbarhen's ghost is heavily damaged.
You hit the alligator simulacrum.
Uberwunderbarhen's ghost keens inconsolably.
Uberwunderbarhen's ghost barely misses you.
The polar bear simulacrum bites you.
* * * LOW HITPOINT WARNING * * *
The polar bear simulacrum freezes you. You resist.
* * * LOW HITPOINT WARNING * * *
The polar bear simulacrum claws you but does no damage.
The polar bear simulacrum claws you.
* * * LOW HITPOINT WARNING * * *
The polar bear simulacrum freezes you! You resist.
* * * LOW HITPOINT WARNING * * *
The alligator simulacrum bites you!
You die...

#### ##..##
###....##
..##....Z4.#
.......∩W@.#
#.......Z..#
##..##....##
## ##..##
####


You could see Uberwunderbarhen's ghost, an alligator simulacrum, a polar bear
simulacrum and a friendly orange demon.

Vanquished Creatures
  Pikel (D:8)
  Joseph (D:8)
  The ghost of Uberwunderbarhen the Ducker, a novice OpTm (D:6)
  2 trolls (D:9)
  A wolf spider simulacrum (IceCv)
  6 yaks (D:9)
  A wyvern (D:9)
  4 wargs
  A sky beast (D:8)
  2 slaves (D:8)
  11 orc warriors
  8 ogres
  A centaur (D:6)
  7 big kobolds
  3 gnoll sergeants (D:9)
  3 giant frogs
  2 scorpions
  6 killer bees (D:7)
  A swamp dragon simulacrum (IceCv)
  A giant frog zombie (D:7)
  A jelly (D:5)
  4 orc priests
  2 hounds
  An iguana (D:7)
  A giant frog skeleton (D:5)
  9 orc wizards
  5 worker ants
  A hound zombie (D:7)
  A worker ant zombie (D:6)
  8 adders
  8 gnolls
  A shadow imp (D:6)
  An ooze (D:3)
  3 adder skeletons
  42 orcs
  A giant cockroach (D:4)
  A hobgoblin (D:3)
  3 jackals (D:6)
  3 quokkas
  A giant cockroach zombie (D:5)
  A giant gecko skeleton (D:5)
  A giant newt (D:3)
  7 kobolds
  2 rats (D:2)
171 creatures vanquished.

Vanquished Creatures (others)
  2 slaves (D:8)
  An orc (D:8)
  2 kobolds (D:8)
5 creatures vanquished.

Grand Total: 176 creatures vanquished

Notes
Turn   | Place    | Note
--------------------------------------------------------------
     0 | D:1      | 4thArraOfDagon the Formicid Fighter began the quest for the Orb.
     0 | D:1      | Reached XP level 1. HP: 18/18 MP: 1/1
     5 | D:1      | You fall through a shaft!
    36 | D:2      | You fall through a shaft!
    38 | D:3      | Reached XP level 2. HP: 16/24 MP: 2/2
   132 | D:3      | You fall through a shaft!
   142 | D:5      | Entered Level 5 of the Dungeon
   159 | D:4      | You fall through a shaft for 2 floors!
   234 | D:5      | Reached XP level 3. HP: 29/29 MP: 3/3
   299 | D:5      | Noticed a centaur
   302 | D:5      | You fall through a shaft!
   342 | D:6      | Noticed an orc warrior
   526 | D:5      | Reached skill level 4 in Fighting
   526 | D:5      | Reached XP level 4. HP: 33/37 MP: 4/4
   533 | D:5      | Reached XP level 5. HP: 42/42 MP: 5/5
   569 | D:5      | Found Dampakeps's Armour Shop.
   569 | D:5      | Found Ebly's Antique Armour Shoppe.
   579 | D:5      | Reached XP level 6. HP: 48/48 MP: 6/6
   653 | D:5      | Found Ysidee's Antique Armour Emporium.
   711 | D:4      | Reached skill level 5 in Shields
   788 | D:4      | Reached XP level 7. HP: 55/55 MP: 7/7
   825 | D:4      | You fall through a shaft!
   877 | D:5      | Found a shadowy altar of Dithmenos.
   880 | D:5      | You fall through a shaft for 3 floors!
   880 | D:8      | Noticed Pikel
   944 | D:8      | Killed Pikel
   944 | D:8      | Reached skill level 5 in Fighting
   944 | D:8      | Reached skill level 5 in Axes
   944 | D:8      | Reached skill level 5 in Armour
   944 | D:8      | Reached skill level 6 in Shields
   944 | D:8      | Reached XP level 8. HP: 60/62 MP: 8/8
   979 | D:8      | Noticed Maurice
  1002 | D:8      | Noticed Joseph
  1056 | D:8      | Killed Joseph
  1204 | D:6      | Found a staircase to the Ecumenical Temple.
  1319 | D:7      | Reached skill level 1 in Evocations
  1319 | D:7      | Reached XP level 9. HP: 61/69 MP: 9/9
  1351 | D:7      | Reached skill level 7 in Axes
  1370 | Temple   | Entered the Ecumenical Temple
  1423 | Temple   | Became a worshipper of Makhleb the Destroyer
  1562 | D:6      | Noticed Uberwunderbarhen's ghost (novice OpTm)
  1586 | D:6      | Killed Uberwunderbarhen's ghost
  1696 | D:6      | Reached * piety under Makhleb
  1846 | D:8      | Identified Sif Muna's Papyrus of Companions (You found it on level 8 of the Dungeon)
  1861 | D:10     | Entered Level 10 of the Dungeon
  1863 | D:10     | Noticed a gargoyle
  1916 | D:9      | Reached skill level 8 in Axes
  1934 | D:9      | Reached XP level 10. HP: 47/77 MP: 12/12
  2060 | D:9      | Reached skill level 1 in Invocations
  2218 | D:7      | Reached ** piety under Makhleb
  2303 | D:8      | Reached skill level 9 in Axes
  2427 | D:9      | Got a creamy pearl robe
  2488 | D:9      | Found a staircase to the Orcish Mines.
  2633 | Orc:1    | Entered Level 1 of the Orcish Mines
  2642 | D:9      | Reached *** piety under Makhleb
  2682 | Orc:1    | Reached XP level 11. HP: 62/86 MP: 14/14
  2982 | Orc:2    | Entered Level 2 of the Orcish Mines
  2982 | Orc:2    | Found a staircase to the Elven Halls.
  3023 | Orc:2    | Reached skill level 10 in Axes
  3040 | Orc:2    | Found a roughly hewn altar of Beogh.
  3099 | Orc:2    | Reached **** piety under Makhleb
  3250 | Orc:2    | Found a frozen archway.
  3255 | IceCv    | Entered an ice cave
  3255 | IceCv    | Noticed Uberwunderbarhen's ghost (journeyman OpTm)
  3272 | IceCv    | HP: 2/86 [polar bear simulacrum (9)]
  3272 | IceCv    | Slain by an alligator simulacrum

Vault maps used:
D:1:      minmay_arrival_loop, nemelex_diamond_rough_becter
D:2:      eino_curves_03, st_stairs_3
D:3:      grunt_temple_overflow_forces_of_nature, lemuel_round_altar,
          lemuel_zombie_altar_yredelemnul, minmay_misc_feat_iff, uniq_terence
D:4:      first_bread
D:5:      kennysheep_steamy, nicolae_dithmenos_through_a_glass_darkly,
          serial_shops, shop, nicolae_shop_trees, shop, fountainhead
D:6:      marbit_many_paths, minmay_temple_entry_from_below_a
D:7:      lemuel_round_altar
D:8:      led_sif_book, uniq_joseph, uniq_maurice, uniq_pikel
D:9:      kennysheep_orc_monster_closet_entryway
D:10:     david_lair_shrubbed, the_bakery, roderic_bipointed_swastika,
          johnstein_pakellas_death_squad
Temple:   jpeg_temple_clearing_12
Orc:2:    st_orc_congregation, basic_altar, portal_ice_cave_entry_pillars_03,
          uniq_maud
IceCv:    ice_cave_small_necro

Action                   |  1- 3 |  4- 6 |  7- 9 | 10-12 || total
-------------------------+-------+-------+-------+-------++-------
Melee: War axe           |    49 |    75 |   285 |   381 ||   790
Invok: Lesser Servant of |       |       |       |     4 ||     4
 Abil: Shaft Self        |     5 |       |     2 |       ||     7
       Dig               |     4 |     4 |    19 |     6 ||    33
Evoke: Wand              |     5 |    11 |    20 |    10 ||    46
  Use: Scroll            |     8 |       |     4 |     1 ||    13
       Potion            |     3 |       |     2 |       ||     5
 Stab: Confused          |     1 |     4 |     8 |     7 ||    20
  Eat: Chunk             |       |     3 |     8 |     6 ||    17
